 Dungeon Crawl Stone Soup version 0.27-a0-1442-g87b6fcb595 (webtiles) character file.

Game seed: 2234551068846957408

18 Snarg the Ducker (level 2, -2/23 HPs)
             Began as a Djinni Wanderer on July 4, 2021.
             Was a Follower of Zin.
             Slain by a gnoll (4 damage)
             ... on level 1 of the Dungeon.
             The game lasted 00:05:34 (1207 turns).

Snarg the Ducker (Djinni Wanderer)                  Turns: 1207, Time: 00:05:35

Health: -2/23      AC:  3    Str:  9    XL:     2   Next: 90%
Gold:   18         EV: 12    Int: 14    God:    Zin [*.....] SH:  0 Dex: 13

rFire    + + .     SeeInvis .   a - +0 dagger
rCold    x . .     Faith    +   (no shield)
rNeg     . . .     Spirit   .   c - +0 leather armour
rPois    ∞         Reflect  .   (no helmet)
rElec    .         Harm     .   (no cloak)
rCorr    .         Rampage  .   (no gloves)
Will     .....                  (boots unavailable)
Stlth    ++........             f - amulet of faith
HPRegen  0.07/turn              (no ring)
MPRegen  0.00/turn              (no ring)

@: flying
A: sickness immunity, fire resistance 2, cold vulnerability 1, float, innate
caster, hp casting, extra vitality 1
a: Renounce Religion, Recite, Donate Gold


You were on level 1 of the Dungeon.
You worshipped Zin.
Zin was aware of your devotion.
You visited 1 branch of the dungeon, and saw 1 of its levels.

You collected 19 gold pieces.
You donated 1 gold pieces to Zin.

Inventory:

Hand Weapons
 a - a +0 dagger (weapon)
 h - a +0 short sword
Missiles
 b - 4 throwing nets
 e - 4 javelins
 g - 21 stones
Armour
 c - a +0 leather armour (worn)
Jewellery
 f - an amulet of faith (around neck)
Potions
 d - 2 potions of curing


   Skills:
 + Level 2.2 Fighting
 + Level 0.5 Short Blades
 - Level 1.7 Staves
 + Level 0.2 Throwing
 + Level 0.1 Armour
 + Level 2.5 Dodging
 + Level 1.6 Stealth
 - Level 2.0 Shields
 * Level 0.3 Spellcasting
 * Level 0.4 Invocations


You couldn't memorise any spells.
You knew the following spells:

 Your Spells              Type           Power      Damage    Failure   Level
a - Frozen Ramparts       Ice            2%         1d2       71%         3
b - Freeze                Ice            4%         1d3       34%         1
c - Passwall              Tmut/Erth      0%         N/A       47%         2
d - Wereblood             Tmut           1%         N/A       47%         2

Your spell library contained the following spells:

 Spells                   Type           Power      Damage    Failure   Level


Dungeon Overview and Level Annotations

Branches:
Dungeon (1/15)

Altars:
Zin


Innate Abilities, Weirdness & Mutations

You are immune to sickness and miasma.
You are immune to poison.
Your flesh is very heat resistant. (rF++)
You are vulnerable to cold. (rC-)
You float through the air rather than walking.
You learn spells naturally, not from books.
Your magical power is your life essence.
You have superior vitality. (+4 HP)


Message History

"Zin saw the chaos of the hordes of the Abyss, and..."
You hit the goblin.
You kill the goblin! "...was displeased, for did the law not say that..."
The gnoll hits you from afar with a +0 spear. "...those who did not become ordered would be ousted?"
You finish reciting Apostates 6:16.
The gnoll completely misses you.
You see here a +0 club.
You hit the gnoll.
The gnoll is moderately wounded.
The gnoll misses you.
You hit the gnoll but do no damage.
The gnoll is moderately wounded.
The gnoll hits you with a +0 spear!
You hit the gnoll.
The gnoll is moderately wounded.
The gnoll closely misses you.
You hit the gnoll but do no damage.
The gnoll is moderately wounded.
The gnoll hits you with a +0 spear!
You barely miss the gnoll.
The gnoll is moderately wounded.
The gnoll barely misses you.
You closely miss the gnoll.
The gnoll is moderately wounded.
The gnoll hits you with a +0 spear.
* * * LOW HITPOINT WARNING * * *
The gnoll hits you from afar with a +0 spear.
Zin protects you from harm!
You are ready to recite again.
The gnoll barely misses you.
It was a potion of curing.
You feel better. The gnoll misses you.
You fail to use your ability.
The gnoll barely misses you. The gnoll hits you with a +0 spear!
* * * LOW HITPOINT WARNING * * *
You barely miss the gnoll.
The gnoll is moderately wounded.
The gnoll hits you with a +0 spear.
You die...

# ## ### ###.#########.#####
..................#
.........####.##### ###.####.#
#.# # # #.# #.##### ###
###.####.####.....########.######
................@g...............
########.####.###.#.######.##....
# #.# #.# #.#.# #)##....
########.####.###.#.# #†##....
..................#÷# #.##....
#######).#.#..###.#.######.##....
# #..#+#.P# ###........##†...
#######....#..P #........##....
'..........# ##......(...gg.


You could see a gnoll.

Vanquished Creatures
  A ball python (D:1)
  2 bats (D:1)
  An endoplasm (D:1)
  A giant cockroach (D:1)
  4 goblins (D:1)
  2 hobgoblins (D:1)
  A quokka (D:1)
  2 frilled lizards (D:1)
  A kobold (D:1)
  3 rats (D:1)
18 creatures vanquished.

Notes
Turn   | Place    | Note
-------+----------+-------------------------------------------
     0 | D:1      | Snarg the Djinni Wanderer began the quest for the Orb.
     0 | D:1      | Reached XP level 1. HP: 18/18 MP: 0/0
    30 | D:1      | Found a faded altar of an unknown god.
    36 | D:1      | Became a worshipper of Zin the Law-Giver
    36 | D:1      | Reached * piety under Zin
   221 | D:1      | Reached XP level 2. HP: 4/23 MP: 0/0
  1191 | D:1      | HP: 1/23 [gnoll (6)]
  1192 | D:1      | Zin protects you from harm!
  1207 | D:1      | Slain by a gnoll

Illustrated notes

Levels and vault maps discovered:
D:1:      tarquinn_simple_flora_water_d, layout_basic,
          chequers_ecumenical_altar_simple_redux, st_stairs_3, corner_web_ring,
          minmay_lizard_king

Action                   || total
-------------------------++-------
Melee: Dagger            ||   110
Throw: Javelin           ||     6
 Cast: Freeze            ||     2
Invok: Recite            ||     2
  Use: Potion            ||     1
 Stab: Sleeping          ||     1
Armor: Leather armour    ||    45
Dodge: Dodged            ||    95

Table legend: (Time is in decaauts)
 A = Elapsed time spent in this place.
 B = Non-inter-level travel time spent in this place.
 C = Inter-level travel time spent in this place.
 D = Time resting spent in this place.
 E = Time spent auto-exploring this place.
 F = Levels seen in this place.
 G = Mean time per level.
                   A        B        C        D        E       F      G
               +--------+--------+--------+--------+--------+-----+--------+
         Total |   1208 |   1208 |      0 |    339 |    597 |   1 | 1208.0 |
       Dungeon |   1208 |   1208 |      0 |    339 |    597 |   1 | 1208.0 |
               +--------+--------+--------+--------+--------+-----+--------+

Top non-repeatable levels by time:
     D:1: 1208 daAuts
